 Dungeon Crawl Stone Soup version 0.22-a0-301-gf0fe05c (webtiles) character file.

1383 galech the Shield-Bearer (level 8, -3/69 HPs)
             Began as a Minotaur Fighter on Mar 26, 2018.
             Slain by a sky beast (6 damage)
             ... on level 5 of the Dungeon.
             The game lasted 00:06:21 (2876 turns).

galech the Shield-Bearer (Minotaur Fighter)         Turns: 2876, Time: 00:06:21

Health: -3/69      AC: 12    Str: 20    XL:     8   Next: 40%
Magic:  7/7        EV: 11    Int:  5    God:
Gold:   242        SH: 11    Dex: 13    Spells: 7/7 levels left

rFire    . . .     SeeInvis .   v - +10 club
rCold    . . .     Gourm    .   c - +0 shield
rNeg     . . .     Faith    .   h - quicksilver dragon scales
rPois    +         Spirit   .   (helmet restricted)
rElec    .         Reflect  .   (no cloak)
rCorr    .         Harm     .   g - +0 pair of gloves
MR       ++...                  (no boots)
Stlth    +.........             o - amulet of the acrobat
HPRegen  0.21/turn              B - ring of poison resistance
MPRegen  0.10/turn              p - ring of protection from magic

@: no status effects
A: retaliatory headbutt, horns 2
a: no special abilities


You were on level 5 of the Dungeon.
You were not hungry.

You visited 1 branch of the dungeon, and saw 6 of its levels.

You collected 242 gold pieces.

Inventory:

Hand Weapons
 a - a +0 war axe
 v - a +10 club (weapon)
Armour
 c - a +0 shield (worn)
 g - a +0 pair of gloves (worn)
 h - quicksilver dragon scales (worn)
 y - a +0 chain mail of fire resistance
 D - a +2 robe
Jewellery
 k - an uncursed ring of flight
 o - an amulet of the acrobat (around neck)
 p - a ring of protection from magic (right hand)
 B - a ring of poison resistance (left hand)
Wands
 l - a wand of paralysis (9)
 x - a wand of polymorph (7)
Scrolls
 b - 3 scrolls of remove curse {unknown}
 m - 5 scrolls of identify {unknown}
 q - a scroll of blinking {unknown}
 r - 2 scrolls of teleportation {unknown}
 s - 3 scrolls of enchant armour {unknown}
 w - a scroll of immolation {unknown}
 A - a scroll of random uselessness {unknown}
 C - 2 scrolls of enchant weapon {unknown}
Potions
 d - 3 potions of might
 e - a potion of berserk rage {unknown}
 i - 3 potions of invisibility {unknown}
 j - 2 potions of agility {unknown}
 n - 2 potions of brilliance {unknown}
 t - 3 potions of curing
 u - a potion of heal wounds {unknown}
 z - 2 potions of haste {unknown}
Comestibles
 f - 7 rations
 E - 3 chunks of flesh


   Skills:
 + Level 5.6 Fighting
 + Level 5.4(6.5) Axes
 + Level 5.6(6.6) Maces & Flails
 + Level 5.7 Armour
 + Level 3.7 Dodging
 + Level 0.2 Stealth
 + Level 7.0 Shields


You had 7 spell levels left.
You didn't know any spells.

Dungeon Overview and Level Annotations

Branches:
Dungeon (6/15)
 Temple: D:4-7

Altars:
Ashenzari


Innate Abilities, Weirdness & Mutations

You reflexively headbutt those who attack you in melee.
You have a pair of horns on your head.


Message History

You hit the orc warrior.
The orc warrior is heavily wounded.
The orc warrior hits you with a dire flail!
* * * LOW HITPOINT WARNING * * *
The orc warrior throws a tomahawk of dispersal.
The tomahawk of dispersal misses you.
The orc warrior throws a tomahawk of dispersal.
The tomahawk of dispersal barely misses you.
You see here a ring of flight.
There is a stone staircase leading up here.
You climb upwards.
A sky beast comes into view.
There is a stone staircase leading down here.
The sky beast misses you.
You sock the sky beast!
The sky beast is heavily wounded.
The sky beast hits you.
* * * LOW HITPOINT WARNING * * *
The sky beast shocks you.
You die...

#### ###...#
#.....############
+>.........†......
#@....#####....##.
#Y....# #....##.
#.................
#....#############
#....# # ###### #
# # #


You could see a sky beast.

Vanquished Creatures
  Sigmund (D:3)
  Eustachio (D:4)
  A wyvern (D:4)
  A hungry ghost (D:6)
  Duvessa (D:6)
  The ghost of galech the Covered, an amateur MiFi (D:3)
  Dowan (D:6)
  A scorpion (D:6)
  2 crimson imps (D:6)
  A jelly (D:6)
  3 orc wizards
  Terence (D:3)
  Ijyb (D:3)
  An iguana (D:4)
  2 worker ants
  Robin (D:3)
  3 gnolls (D:4)
  4 adders (D:2)
  An adder zombie (D:6)
  2 worms
  A dart slug (D:2)
  7 leopard geckos
  8 orcs
  A ball python (D:2)
  12 bats
  6 giant cockroaches
  12 goblins
  11 hobgoblins
  10 jackals
  11 frilled lizards
  6 kobolds (D:1)
  A quokka skeleton (D:4)
  8 rats
124 creatures vanquished.

Vanquished Creatures (others)
  A jackal (D:6)
  2 plants (D:6)
  9 toadstools (D:5)
12 creatures vanquished.

Grand Total: 136 creatures vanquished

Notes
Turn   | Place    | Note
-------+----------+-------------------------------------------
     0 | D:1      | galech the Minotaur Fighter began the quest for the Orb.
     0 | D:1      | Reached XP level 1. HP: 19/19 MP: 0/0
    93 | D:1      | Reached XP level 2. HP: 27/27 MP: 1/1
   130 | D:1      | Found a shattered altar of Ashenzari.
   134 | D:1      | Reached skill level 4 in Shields
   362 | D:1      | Reached XP level 3. HP: 27/33 MP: 2/2
   848 | D:2      | Reached XP level 4. HP: 40/40 MP: 3/3
  1271 | D:3      | Noticed Ijyb
  1284 | D:3      | Killed Ijyb
  1363 | D:3      | Noticed Robin
  1368 | D:3      | Killed Robin
  1368 | D:3      | Reached XP level 5. HP: 46/46 MP: 4/4
  1435 | D:3      | Noticed Sigmund
  1444 | D:3      | Killed Sigmund
  1444 | D:3      | Reached skill level 1 in Maces & Flails
  1444 | D:3      | Reached skill level 1 in Dodging
  1444 | D:3      | Reached skill level 5 in Shields
  1444 | D:3      | Reached XP level 6. HP: 32/53 MP: 5/5
  1537 | D:3      | Noticed Terence
  1539 | D:3      | Noticed galech's ghost (amateur MiFi)
  1545 | D:3      | Killed Terence
  1545 | D:3      | Reached skill level 5 in Axes
  1549 | D:3      | Killed galech's ghost
  1549 | D:3      | Reached skill level 5 in Armour
  1962 | D:4      | Reached XP level 7. HP: 54/60 MP: 6/6
  2030 | D:4      | Reached skill level 6 in Shields
  2114 | D:4      | Noticed a wyvern
  2118 | D:4      | Killed a wyvern
  2118 | D:4      | Reached skill level 5 in Fighting
  2292 | D:4      | Noticed Eustachio
  2301 | D:4      | Killed Eustachio
  2385 | D:5      | Entered Level 5 of the Dungeon
  2487 | D:5      | You fall through a shaft!
  2759 | D:6      | Noticed a hungry ghost
  2760 | D:6      | Noticed Duvessa
  2766 | D:6      | Killed a hungry ghost
  2766 | D:6      | Reached XP level 8. HP: 58/69 MP: 7/7
  2767 | D:6      | Noticed Dowan
  2798 | D:6      | Killed Duvessa
  2798 | D:6      | Reached skill level 5 in Maces & Flails
  2812 | D:6      | Killed Dowan
  2812 | D:6      | Reached skill level 7 in Shields
  2862 | D:6      | HP: 1/69 [orc warrior/dire flail (11)]
  2876 | D:5      | HP: 3/69 [sky beast (1)]
  2876 | D:5      | Slain by a sky beast

Vault maps used:
D:1:      scummos_arrival_simple_crosswalls, chequers_big_river,
          hangedman_decor_growths, evilmike_ruin_ashenzari
D:2:      first_ration
D:3:      uniq_ijyb, uniq_sigmund, uniq_terence, uniq_robin
D:4:      uniq_eustachio
D:5:      cheibrodos_fertilizer, serial_shops, shop, kennysheep_generic_room_7
D:6:      cheibrodos_two_vegetables, portal_sewer_entry_f, serial_bayou_ford_a,
          uniq_duvessa

Skill      XL: |  1  2  3  4  5  6  7  8 |
---------------+-------------------------+-----
Shields        | 4 5 6 7 |  7.0
Armour         | 4 5 |  5.7
Fighting       | 4 5 |  5.6
Axes           | 3 4 5 |  5.4
Maces & Flails | 1 2 4 5 |  5.6
Dodging        | 1 2 3 |  3.7
Stealth        | |  0.2

Action                   |  1- 3 |  4- 6 |  7- 9 || total
-------------------------+-------+-------+-------++-------
Melee: War axe           |   103 |    53 |       ||   156
       Headbutt          |    10 |    17 |    19 ||    46
       Club              |       |    63 |    96 ||   159
  Eat: Chunk             |       |     4 |     2 ||     6
       Ration            |       |       |     1 ||     1
Armor: Scale mail        |    49 |       |       ||    49
       Quicksilver drago |    13 |    35 |    23 ||    71
Dodge: Dodged            |    37 |    42 |    47 ||   126
Block: Shield            |    72 |    63 |    40 ||   175

Table legend:
 A = Spawn XP
 B = Non-spawn XP
 C = Spawn XP percentage of total XP
 D = Spawn monster count
 E = Non-spawn monster count
 F = Spawn count percentage of total count
 G = Total turns spent on level
                    A         B        C        D         E        F      G
               +---------+---------+-------+---------+---------+-------+---------
         Total |       0 |    1977 |   0.0 |       0 |     124 |   0.0 |  2876
               +---------+---------+-------+---------+---------+-------+---------
           D:1 |       0 |      53 |   0.0 |       0 |      32 |   0.0 |   690
           D:2 |       0 |      93 |   0.0 |       0 |      24 |   0.0 |   577
           D:3 |       0 |     517 |   0.0 |       0 |      33 |   0.0 |   681
           D:4 |       0 |     582 |   0.0 |       0 |      15 |   0.0 |   437
           D:5 |       0 |      15 |   0.0 |       0 |       6 |   0.0 |   104
           D:6 |       0 |     717 |   0.0 |       0 |      14 |   0.0 |   387
               +---------+---------+-------+---------+---------+-------+---------
